 Dungeon Crawl Stone Soup version 0.23.2-33-g5129a83184 (webtiles) character file.

Game seed: 17703572650263564489

730 H0rd4k the Thaumaturge (level 7, -3/36 HPs)
             Began as a Deep Elf Wizard on July 8, 2019.
             Slain by a centaur (5 damage)
             ... on level 5 of the Dungeon.
             The game lasted 00:12:13 (4438 turns).

H0rd4k the Thaumaturge (Deep Elf Wizard)            Turns: 4438, Time: 00:12:13

Health: -3/36      AC:  4    Str:  4    XL:     7   Next: 44%
Magic:  16/21      EV: 14    Int: 25    God:
Gold:   54         SH:  0    Dex: 13    Spells: 18/24 levels left

rFire    . . .     SeeInvis .   u - +6 hand axe "Beastbane" {flame, rPois MR++}
rCold    . . .     Gourm    .   (no shield)
rNeg     . . .     Faith    .   p - +2 robe {MR+}
rPois    +         Spirit   .   b - +0 hat
rElec    .         Reflect  .   (no cloak)
rCorr    .         Harm     .   (no gloves)
MR       +++..                  (no boots)
Stlth    ++........             j - amulet of the acrobat
HPRegen  0.12/turn              (no ring)
MPRegen  0.17/turn              (no ring)

@: no status effects
A: no striking features
a: no special abilities


You were on level 5 of the Dungeon.
You were very hungry.

You visited 1 branch of the dungeon, and saw 5 of its levels.

You collected 294 gold pieces.
You spent 240 gold pieces at shops.

Inventory:

Hand Weapons
 s - a +1 long sword of electrocution
 t - a +2 dagger of venom
 u - the +6 hand axe "Beastbane" (weapon) {flame, rPois MR++}
   (You bought it in a shop on level 5 of the Dungeon)

   It has been specially enchanted to burn those struck by it, causing extra
   injury to most foes and up to half again as much damage against particularly
   susceptible opponents.
   Big, fiery blades are also staple armaments of hydra-hunters.
   It protects you from poison.
   It affects your resistance to hostile enchantments.
Armour
 a - a +0 robe
 b - a +0 hat (worn)
 p - a +2 robe of magic resistance (worn)
Jewellery
 j - an amulet of the acrobat (around neck)
Wands
 d - a wand of flame (20)
Scrolls
 e - a scroll of teleportation {unknown}
 f - a scroll of enchant armour {unknown}
 h - 3 scrolls of remove curse {unknown}
 i - 2 scrolls of identify {unknown}
 k - 2 scrolls of fog {unknown}
 m - a scroll of blinking {unknown}
 n - a scroll of immolation {unknown}
 q - a scroll of noise {unknown}
 r - 2 scrolls of amnesia {unknown}
Potions
 c - 2 potions of flight {unknown}
 g - a potion of mutation {unknown}
 l - 2 potions of berserk rage {unknown}
Comestibles
 o - 3 rations


   Skills:
 + Level 4.4 Dodging
 + Level 3.0 Stealth
 + Level 9.1 Spellcasting
 + Level 4.7 Conjurations
   Level 1.1 Summonings
 + Level 1.1 Translocations
 + Level 0.8 Fire Magic


You had 18 spell levels left.
You knew the following spells:

 Your Spells              Type           Power        Failure   Level  Hunger
a - Magic Dart            Conj           ####         1%          1    None
b - Blink                 Tloc           N/A          5%          2    None
c - Conjure Flame         Conj/Fire      ####....     5%          3    None

Your spell library contained the following spells:

 Spells                   Type           Power        Failure   Level  Hunger
 Animate Skeleton         Necr           N/A          5%          1    None
 Pain                     Necr           ##..         5%          1    None
 Call Imp                 Summ           ###.....     5%          2    None
 Slow                     Hex            ##......     9%          2    None
 Mephitic Cloud           Conj/Pois/Air  ###.....     9%          3    None
 Regeneration             Chrm/Necr      ##........   16%         3    None
 Vampiric Draining        Necr           ##........   16%         3    None
 Animate Dead             Necr           N/A          47%         4    ##.....


Dungeon Overview and Level Annotations

Branches:
Dungeon (5/15)
 Temple: D:4-7

Altars:

Shops:
D:5 }(

Annotations:
D:3 exclusion: 2 downstairs
D:4 exclusion: upstairs


Message History

Casting: Magic Dart (safe; 1% risk of failure)
Confirm with . or Enter, or press ? or * to list all spells.
Aiming: Magic Dart (safe; 1% risk of failure)
Press: ? - help, Shift-Dir - straight line, f/p - centaur
Aim: a centaur (heavily wounded)
The magic dart hits the centaur but does no damage.
The centaur is heavily wounded.
The centaur hits you!
* * * LOW HITPOINT WARNING * * *
The centaur hits you.
* * * LOW HITPOINT WARNING * * *
Casting: Magic Dart (safe; 1% risk of failure)
Confirm with . or Enter, or press ? or * to list all spells.
Aiming: Magic Dart (safe; 1% risk of failure)
Press: ? - help, Shift-Dir - straight line, f/p - centaur
Aim: a centaur (heavily wounded)
The magic dart hits the centaur.
The centaur is heavily wounded.
The centaur hits you.
You die...

#.. ....###.#
#.# #...#.#.#
#.# #.......#
#.# #.......#
#.# #...... #.#
#.... #.# #c.#
###.########@.#
#..........(..#
#.#...#######.#
#.###.# .#
#.###.# .#
#...#.# .#
###<#.# ##
#.#.# #...
#.#.# ....


You could see a centaur.

Vanquished Creatures
  A hippogriff (D:4)
  An ogre (D:5)
  A crimson imp (D:3)
  A hound (D:3)
  A bullfrog skeleton (D:4)
  4 worker ants
  3 iguanas (D:4)
  An orc wizard (D:4)
  A hound skeleton (D:5)
  Robin (D:4)
  4 adders
  A shadow imp (D:4)
  2 worms (D:3)
  4 dart slugs
  2 leopard geckos
  5 orcs
  8 bats
  6 giant cockroaches
  14 goblins
  11 hobgoblins
  3 jackals (D:4)
  4 quokkas
  3 ball pythons
  7 frilled lizards
  6 kobolds
  A leopard gecko skeleton (D:4)
  5 rats
101 creatures vanquished.

Vanquished Creatures (others)
  6 fungi (D:5)
6 creatures vanquished.

Grand Total: 107 creatures vanquished

Notes
Turn   | Place    | Note
-------+----------+-------------------------------------------
     0 | D:1      | H0rd4k the Deep Elf Wizard began the quest for the Orb.
     0 | D:1      | Reached XP level 1. HP: 10/10 MP: 7/7
   160 | D:1      | Reached XP level 2. HP: 13/15 MP: 2/9
   336 | D:1      | Reached skill level 5 in Spellcasting
   685 | D:1      | Reached XP level 3. HP: 19/19 MP: 9/12
   707 | D:1      | Learned a level 2 spell: Blink
   711 | D:1      | Learned a level 3 spell: Conjure Flame
  1490 | D:3      | Reached skill level 6 in Spellcasting
  1631 | D:4      | Reached XP level 4. HP: 11/24 MP: 4/14
  2200 | D:3      | Reached XP level 5. HP: 27/28 MP: 6/16
  2525 | D:4      | Reached skill level 7 in Spellcasting
  3047 | D:4      | Noticed a hippogriff
  3065 | D:4      | Killed a hippogriff
  3065 | D:4      | Reached XP level 6. HP: 32/32 MP: 2/18
  3534 | D:4      | Reached skill level 8 in Spellcasting
  3776 | D:4      | Reached XP level 7. HP: 27/36 MP: 6/21
  3956 | D:4      | Noticed Robin
  4056 | D:4      | Killed Robin
  4134 | D:5      | Entered Level 5 of the Dungeon
  4153 | D:5      | Found Koz Zizi's Antique Weapon Shop.
  4161 | D:5      | Bought a steaming hand axe for 240 gold pieces
  4161 | D:5      | Identified the +6 hand axe "Beastbane" {flame, rPois MR++}
                  | (You bought it in a shop on level 5 of the Dungeon)
  4177 | D:5      | Reached skill level 9 in Spellcasting
  4282 | D:5      | Found Tomup's Gadget Emporium.
  4437 | D:5      | HP: 1/36 [centaur (5)]
  4438 | D:5      | Slain by a centaur

Skill      XL: |  1  2  3  4  5  6  7 |
---------------+----------------------+-----
Spellcasting   | 5 6 7 8 9 |  9.1
Conjurations   | 2 3 4 |  4.7
Dodging        | 3 4 |  4.4
Stealth        | 3 |  3.0
Summonings     | |  1.1
Translocations | |  1.1
Fire Magic     | |  0.8

Action                   |  1- 3 |  4- 6 |  7- 9 || total
-------------------------+-------+-------+-------++-------
Melee: Unarmed           |     1 |       |       ||     1
       Hand axe          |       |       |     4 ||     4
 Cast: Magic Dart        |   119 |   146 |    66 ||   331
       Conjure Flame     |       |    11 |     3 ||    14
  Eat: Chunk             |     1 |     4 |     1 ||     6
       Ration            |       |     1 |       ||     1
Armor: Robe              |     4 |    17 |     1 ||    22
Dodge: Dodged            |    20 |    48 |    19 ||    87
